 Dungeon Crawl Stone Soup version 0.30-a0-782-ge64f9170bb (webtiles) character file.

Game seed: 6387414707028372779

1 Flugkiller the Sneak (level 1, -5/18 HPs)
             Began as a Demonspawn Delver on Mar 7, 2023.
             Slain by a howler monkey (7 damage)
             ... on level 4 of the Dungeon.
             The game lasted 00:00:17 (57 turns).

Flugkiller the Sneak (Demonspawn Delver)              Turns: 57, Time: 00:00:18

Health: -5/18      AC:  4    Str: 12    XL:     1   Next: 16%
Magic:  1/1        EV:  8    Int: 11    God:
Gold:   0          SH:  0    Dex: 14    Spells: 0/0 levels left

rFire   . . .      SeeInvis .    a - +0 hand axe
rCold   . . .      Faith    .    (no shield)
rNeg    . . .      Spirit   .    b - +0 leather armour
rPois   .          Reflect  .    f - +0 helmet
rElec   .          Harm     .    (no cloak)
rCorr   .          Rampage  .    (no gloves)
Will    .....                    (no boots)
Stlth   ++                       (no amulet)
HPRegen 0.23/turn                (no ring)
MPRegen 0.07/turn                (no ring)

@: constricted
A: no striking features
a: no special abilities


You were on level 4 of the Dungeon.
You visited 1 branch of the dungeon, and saw 2 of its levels.

Inventory:

Hand Weapons
 a - a +0 hand axe (weapon)
Armour
 b - a +0 leather armour (worn)
 f - a +0 helmet (worn)
   (You found it on level 4 of the Dungeon)
Wands
 g - a wand of digging (3)
Scrolls
 c - a scroll of fog
 d - a scroll of magic mapping
 e - a scroll of fear
Potions
 h - a potion of haste


   Skills:
 + Level 3.1 Fighting
 - Level 1.7 Axes
 - Level 1.7 Dodging
 - Level 4.5 Stealth


You couldn't memorise any spells.
You didn't know any spells.
Your spell library was empty.

Dungeon Overview and Level Annotations

Branches:
Dungeon (5/15) Zot: 11940
 Temple: D:4-7

Altars:


Message History

Welcome, Flugkiller the Demonspawn Delver.
The terrific Orb of Zot lies far below, as if waiting for you to find it.
Press ? for a list of commands and other information.
Found a stone staircase leading down and a stone staircase leading up.
Found 14 gold pieces.
There is a stone staircase leading up here.
You climb upwards.
There is a stone staircase leading down here.
Found an escape hatch in the floor.
The endoplasm quivers.
Found a helmet.
The endoplasm hits you but does no damage.
You hit the endoplasm.
You kill the endoplasm!
No target in view!
No target in view!
You see here a +0 helmet.
f - a +0 helmet You start putting on your armour.
You continue putting on your +0 helmet. x4
You finish putting on your +0 helmet.
A hound comes into view.
Found 6 stones.
Found a cyan potion.
Unknown command.
You see here 6 stones.
A ball python comes into view.
Found 4 stones.
Found a cyan potion and 6 stones.
You see here a cyan potion.
i - a cyan potion A howler monkey comes into view.
The howler monkey howls!
You hear an angry hiss.
The howler monkey hits you.
A giant cockroach comes into view.
You barely miss the howler monkey. The howler monkey hits you.
You hit the howler monkey.
The howler monkey is moderately wounded.
The howler monkey barely misses you.
The howler monkey completely misses you.
The giant cockroach closely misses you.
It was a potion of curing.
You feel better. The howler monkey closely misses you.
The giant cockroach bites you but does no damage.
You barely miss the howler monkey.
The howler monkey is moderately wounded.
You barely miss the giant cockroach. The howler monkey hits you.
The giant cockroach barely misses you. The howler monkey barely misses you.
You barely miss the howler monkey.
The howler monkey is moderately wounded.
You hit the giant cockroach. You closely miss the ball python.
The giant cockroach bites you but does no damage.
The ball python closely misses you. The ball python grabs you.
The ball python constricts you. The howler monkey hits you.
The giant cockroach bites you but does no damage.
The ball python barely misses you. The ball python constricts you.
You hit the howler monkey.
The howler monkey is moderately wounded.
You hit the giant cockroach. You closely miss the ball python.
The howler monkey hits you!
* * * LOW HITPOINT WARNING * * *
The giant cockroach barely misses you.
The ball python bites you but does no damage.
The ball python constricts you. The howler monkey hits you.
* * * LOW HITPOINT WARNING * * *
You are too injured to fight recklessly!
You hit the howler monkey but do no damage.
The howler monkey is moderately wounded.
You hit the ball python. You hit the giant cockroach.
The giant cockroach bites you but does no damage.
The ball python closely misses you. The ball python constricts you.
The howler monkey hits you!
You die...

...........#.##.......
.......##....##..#....
.......#...(....#....
(..........##.#####.
#.......##### #. .
##.........# ## ...
####........# .
.....#h#.........#
....!.B@S........#
..##..##............
## ####.........
##...(.... #.....#.#
#.....### .#


You could see a howler monkey, a giant cockroach and a ball python.

Vanquished Creatures
  An endoplasm (D:4)
1 creature vanquished.

Notes
Turn   | Place    | Note
-------+----------+-------------------------------------------
     0 | D:5      | Flugkiller the Demonspawn Delver began the quest for the
                  | Orb.
     0 | D:5      | Reached XP level 1. HP: 18/18 MP: 1/1
    29 | D:4      | Noticed a hound
    50 | D:4      | Noticed a howler monkey
    57 | D:4      | Slain by a howler monkey

Illustrated notes

Levels and vault maps discovered:
D:4:      layout_cave_pools, temple_doors_e
D:5:      layout_loops_ring, lemuel_round_altar, minivault_1

Action                     || total
---------------------------++-------
  Melee: Hand axe          ||     7
    Use: Potion            ||     1
 Armour: Leather armour    ||     6
  Dodge: Dodged            ||    10

Table legend: (Time is in decaauts)
 A = Elapsed time spent in this place.
 B = Non-inter-level travel time spent in this place.
 C = Inter-level travel time spent in this place.
 D = Time resting spent in this place.
 E = Time spent auto-exploring this place.
 F = Levels seen in this place.
 G = Mean time per level.
                   A        B        C        D        E       F      G
               +--------+--------+--------+--------+--------+-----+--------+
         Total |     57 |     57 |      0 |      0 |      5 |   2 |   28.5 |
       Dungeon |     57 |     57 |      0 |      0 |      5 |   2 |   28.5 |
               +--------+--------+--------+--------+--------+-----+--------+

Top non-repeatable levels by time:
     D:4: 53 daAuts
     D:5: 4 daAuts
